 Dungeon Crawl Stone Soup version 0.27-a0-732-ga892ba84f6 (webtiles) character file.

Game seed: 2424663189293656359

15660 tsouns the Thaumaturge (level 12, -6/92 HPs)
             Began as a Djinni Fire Elementalist on Mar 23, 2021.
             Was an Initiate of Gozag.
             Shot with an arrow by a centaur (13 damage)
             ... led by a centaur warrior
             ... on level 11 of the Dungeon.
             The game lasted 00:31:33 (10486 turns).

tsouns the Thaumaturge (Djinni Fire Elementalist)  Turns: 10486, Time: 00:31:34

Health: -6/92      AC:  8    Str:  7    XL:     12   Next: 29%
Magic:  0/0        EV: 19    Int: 26    God:    Gozag
Gold:   2617       SH:  0    Dex: 23    Spells: 3/34 levels left

rFire    + + .     SeeInvis .   y - +3 dire flail (protect)
rCold    x . .     Faith    .   (shield currently unavailable)
rNeg     + . .     Spirit   .   a - +0 robe
rPois    ∞         Reflect  .   H - +0 helmet {Int+3}
rElec    .         Harm     .   t - +1 cloak
rCorr    .         Rampage  .   d - +2 pair of gloves
Will     +....                  (boots unavailable)
Stlth    ++........             f - amulet of regeneration
HPRegen  1.25/turn              x - ring of Tanal {rPois rN+ Dex+4}
MPRegen  0.00/turn              D - +6 ring of dexterity

@: gold aura, flying
A: fire resistance 2, cold vulnerability 1, float, innate caster, hp casting,
extra vitality 1
a: Renounce Religion, Potion Petition, Call Merchant, Bribe Branch


You were on level 11 of the Dungeon.
You worshipped Gozag.
Gozag was most pleased with you.
You visited 2 branches of the dungeon, and saw 13 of its levels.

You collected 2852 gold pieces.
You spent 180 gold pieces at shops.
You paid 55 gold pieces to Gozag.

Inventory:

Hand Weapons
 g - a +2 scythe of flaming
 r - the +3 spear "Oherul" {vamp, +Blink Int+3}
   (You found it on level 4 of the Dungeon)

   It inflicts no extra harm, but heals its wielder when it wounds a living foe.
   It affects your intelligence (+3).
   It lets you blink.
 y - a +3 dire flail of protection (weapon)
 A - a +2 whip of freezing
Missiles
 h - 17 poisoned darts
 C - 5 javelins
Armour
 a - a +0 robe (worn)
 d - a +2 pair of gloves (worn)
 o - a +0 buckler
 t - a +1 cloak (worn)
 H - a +0 helmet of intelligence (worn)
Jewellery
 f - an amulet of regeneration (around neck)
 l - an amulet of magic regeneration
 m - a ring of protection from cold
 x - the ring of Tanal (right hand) {rPois rN+ Dex+4}
   (You found it on level 7 of the Dungeon)

   [ring of poison resistance]

   It affects your dexterity (+4).
   It protects you from poison.
   It protects you from negative energy.
 D - a +6 ring of dexterity (left hand)
Wands
 q - a wand of polymorph (6)
 s - a wand of acid (16)
 u - a wand of charming (17)
 F - a wand of iceblast (2)
 G - a wand of mindburst (20)
Scrolls
 n - a scroll of fear
 v - a scroll of identify
 E - a scroll of enchant armour
 I - 4 scrolls of teleportation
Potions
 b - 2 potions of curing
 c - 2 potions of ambrosia
 e - 2 potions of brilliance
 i - 2 potions of might
 j - 2 potions of attraction
 k - 2 potions of heal wounds
 p - a potion of berserk rage
 w - a potion of cancellation
 z - 2 potions of degeneration
 B - a potion of invisibility


   Skills:
 + Level 10.5 Fighting
 + Level 4.2 Maces & Flails
 - Level 2.6 Polearms
 - Level 8.9 Dodging
 - Level 1.5 Stealth
 + Level 11.6 Spellcasting


You had 3 spell levels left.
You knew the following spells:

 Your Spells              Type           Power      Damage    Failure   Level
a - Foxfire               Conj/Fire      100%       2x1d9     1%          1
b - Conjure Flame         Conj/Fire      66%        6-21      1%          3
c - Inner Flame           Hex/Fire       66%        N/A       1%          3
d - Sticky Flame          Conj/Fire      66%        2d8       1%          4
e - Fireball              Conj/Fire      33%        3d14      1%          5
f - Freeze                Ice            100%       1d11      1%          1
g - Searing Ray           Conj           100%       3d7       1%          2
h - Lesser Beckoning      Tloc           33%        N/A       1%          3
i - Summon Lightning Spi  Summ/Air       66%        N/A       1%          4
j - Agony                 Necr           66%        N/A       1%          5
Your spell library was empty.

Dungeon Overview and Level Annotations

Branches:
Dungeon (11/15)            Temple (0/1) D:5            Lair (0/6) D:11
    Orc (2/2) D:10
    Elf: Orc:2

Altars:
Ashenzari
Elyvilon
Gozag
Kikubaaqudgha
Makhleb
Nemelex Xobeh
Okawaru
Qazlal
Yredelemnul
Beogh

Shops:
D:2 =   D:8 [

Annotations:
D:6 2 transporters, emiel's ghost, novice FoWn
Orc:1 2 transporters, wakim's ghost, journeyman OpVM


Innate Abilities, Weirdness & Mutations

You are immune to poison.
Your flesh is very heat resistant. (rF++)
You are vulnerable to cold. (rC-)
You float through the air rather than walking.
You learn spells naturally, not from books.
Your magical power is your life essence.
You have superior vitality. (+4 HP)


Message History

The fireball engulfs the centaur warrior!!
You kill the centaur warrior!
* * * LOW HITPOINT WARNING * * *
A centaur comes into view.
Your Maces & Flails skill increases to level 4!
Casting: Fireball (dangerous; 1% risk of failure)
Confirm with . or Enter, or press ? or * to list all spells.
Aiming: Fireball (dangerous; 1% risk of failure)
Press: ? - help, Shift-Dir - straight line, f - centaur
Aim: a centaur, quivering arrows (moderately wounded)
The fireball explodes!
The fireball engulfs the centaur!
The centaur is almost dead.
The fireball engulfs the centaur!
The centaur is severely wounded.
* * * LOW HITPOINT WARNING * * *
You hear a shout!
The centaur wields a +0 shortbow.
The centaur shoots an arrow.
The arrow hits you!
* * * LOW HITPOINT WARNING * * *
The centaur shoots an arrow.
The arrow misses you.
Casting: Fireball (dangerous; 1% risk of failure)
Confirm with . or Enter, or press ? or * to list all spells.
Aiming: Fireball (dangerous; 1% risk of failure)
Press: ? - help, Shift-Dir - straight line, f/p - centaur
Aim: a centaur, wielding a +0 shortbow and quivering arrows (almost dead)
The fireball explodes!
The fireball engulfs the centaur!
You kill the centaur!
You feel a bit more experienced. x2
* * * LOW HITPOINT WARNING * * *
A centaur comes into view.
Aiming: Corrosive Bolt
Press: ? - help, Shift-Dir - straight line, f - centaur
Aim: a centaur, quivering arrows (17% to evade)
The bolt of acid hits the centaur!
The centaur is splashed with acid.
The acid corrodes the centaur!
The centaur is heavily wounded.
The centaur wields a +0 shortbow.
The centaur shoots an arrow.
The arrow hits you!
You die...
Your body crumbles into a pile of gold. ..###...######..$P PP.

#...# §.P >P.. #...#
.. ..P.
..###...######.##..$#
.............#..#...#.
#######'####..#...≈...
#...........###.. $
#.........$.c$...
#.......(@#......
#.........#......
#.........# .....
#.........# .....
#.........# ....
#.........# c...
#####+###


You could see a centaur (corroded).

Vanquished Creatures
  A catoblepas (D:9)
  A centaur warrior (D:11)
  3 two-headed ogres
  Nergalle (D:11)
  A cyclops (Orc:2)
  An oklob plant (D:11)
  An orc knight (Orc:1)
  A manticore (D:10)
  6 trolls
  3 polar bears (D:9)
  Sigmund (D:2)
  8 yaks
  A wyvern (D:9)
  Edmund (D:5)
  4 sky beasts
  13 orc warriors
  2 ice beasts (D:9)
  9 ogres
  3 wolves (D:9)
  8 centaurs
  A phantom (D:7)
  A kobold brigand (D:9)
  A bullfrog (D:8)
  A wyvern zombie (D:9)
  2 gnoll sergeants
  2 scorpions
  A water moccasin skeleton (D:8)
  A wyvern skeleton (D:11)
  3 killer bees (D:9)
  4 wights (D:6)
  4 howler monkeys
  7 electric eels
  4 centaur zombies
  7 hounds
  A wyvern simulacrum (D:9)
  2 jellies
  15 orc priests
  Crazy Yiuf (D:7)
  A gnoll shaman (D:9)
  Ijyb (D:4)
  3 bullfrog skeletons
  19 orc wizards
  3 iguanas
  7 worker ants
  A bullfrog simulacrum (D:9)
  A hound skeleton (D:10)
  A worker ant zombie (D:5)
  24 gnolls
  11 adders
  A hound simulacrum (D:9)
  2 shadow imps
  4 white imps
  2 worker ant simulacra (D:9)
  An ufetubus (D:8)
  4 worms
  3 dart slugs
  54 orcs
  8 ball pythons
  4 giant cockroaches
  6 goblins
  8 hobgoblins
  22 jackals
  10 kobolds
  9 oozes
  9 quokkas
  4 bats
  6 frilled lizards
  6 rats
362 creatures vanquished.

Vanquished Creatures (collateral kills)
  An orc (Orc:1)
  2 foxfires (D:2)
3 creatures vanquished.

Vanquished Creatures (others)
  427 foxfires
  23 plants
  4 toadstools (D:1)
454 creatures vanquished.

Grand Total: 819 creatures vanquished

Notes
Turn   | Place    | Note
-------+----------+-------------------------------------------
     0 | D:1      | tsouns the Djinni Fire Elementalist began the quest for the
                  | Orb.
     0 | D:1      | Reached XP level 1. HP: 15/15 MP: 0/0
   169 | D:1      | Reached skill level 1 in Fighting
   169 | D:1      | Reached XP level 2. HP: 18/22 MP: 0/0
   300 | D:1      | Reached skill level 3 in Spellcasting
   744 | D:1      | Reached XP level 3. HP: 23/28 MP: 0/0
   744 | D:1      | Learned a level 1 spell: Freeze
  1630 | D:2      | Noticed Sigmund
  1662 | D:2      | Killed Sigmund
  1663 | D:2      | Reached skill level 4 in Spellcasting
  1663 | D:2      | Reached XP level 4. HP: 16/37 MP: 0/0
  1663 | D:2      | Reached XP level 5. HP: 18/41 MP: 0/0
  1663 | D:2      | Learned a level 2 spell: Searing Ray
  1783 | D:2      | Reached XP level 6. HP: 47/47 MP: 0/0
  1783 | D:2      | Found a sparkling altar of Nemelex Xobeh.
  1927 | D:2      | Found Kuig's Jewellery Shoppe.
  2413 | D:3      | Found an iron altar of Okawaru.
  3013 | D:4      | Noticed Ijyb
  3024 | D:4      | Killed Ijyb
  3049 | D:4      | Reached skill level 1 in Polearms
  3049 | D:4      | Reached skill level 5 in Spellcasting
  3049 | D:4      | Reached XP level 7. HP: 53/53 MP: 0/0
  3049 | D:4      | Learned a level 3 spell: Lesser Beckoning
  3163 | D:4      | Found an opulent altar of Gozag.
  3294 | D:4      | Identified the +3 spear "Oherul" {vamp, +Blink Int+3}
  3832 | D:4      | Became a worshipper of Gozag Ym Sagoz the Greedy
  3865 | D:5      | Entered Level 5 of the Dungeon
  4257 | D:5      | Noticed Edmund
  4274 | D:5      | Killed Edmund
  4275 | D:5      | Reached skill level 5 in Fighting
  4275 | D:5      | Reached skill level 6 in Spellcasting
  4275 | D:5      | Reached XP level 8. HP: 39/59 MP: 0/0
  4331 | D:5      | Found a staircase to the Ecumenical Temple.
  4678 | D:5      | Found a basalt altar of Yredelemnul.
  5460 | D:6      | Found a transporter.
  5492 | D:6      | Noticed emiel's ghost (novice FoWn)
  5537 | D:6      | Found a transporter.
  5767 | D:6      | Reached skill level 7 in Spellcasting
  5875 | D:7      | Identified the ring of Tanal {rPois rN+ Dex+4}
  5880 | D:7      | Found a white marble altar of Elyvilon.
  5883 | D:7      | Found an ancient bone altar of Kikubaaqudgha.
  5901 | D:7      | Reached XP level 9. HP: 65/66 MP: 0/0
  5901 | D:7      | Learned a level 4 spell: Summon Lightning Spire
  6249 | D:7      | Found a broken altar of Ashenzari.
  6249 | D:7      | Found an opulent altar of Gozag.
  6413 | D:7      | Found a runed translucent door.
  6414 | D:7      | Noticed Crazy Yiuf
  6549 | D:7      | Killed Crazy Yiuf
  6629 | D:8      | Reached skill level 5 in Dodging
  6647 | D:8      | Reached skill level 8 in Spellcasting
  6647 | D:8      | Noticed a two-headed ogre
  6668 | D:8      | Killed a two-headed ogre
  6789 | D:8      | Reached XP level 10. HP: 63/75 MP: 0/0
  6820 | D:8      | Reached skill level 9 in Spellcasting
  6842 | D:8      | Found an opulent altar of Gozag.
  6885 | D:8      | Found Jucw's Antique Armour Shop.
  6893 | D:8      | Bought a shiny helmet for 180 gold pieces
  7005 | D:8      | Found a burning altar of Makhleb.
  7531 | D:9      | Noticed a two-headed ogre
  7626 | D:9      | Killed a two-headed ogre
  7627 | D:9      | Reached skill level 10 in Spellcasting
  7693 | D:9      | Reached XP level 11. HP: 74/82 MP: 0/0
  7693 | D:9      | Learned a level 5 spell: Agony
  8133 | D:9      | Found a stormy altar of Qazlal.
  8225 | D:10     | Entered Level 10 of the Dungeon
  8225 | D:10     | Noticed a manticore
  8225 | D:10     | Noticed a catoblepas
  8228 | D:10     | Killed a manticore
  8252 | D:9      | Killed a catoblepas
  8578 | D:10     | Found a staircase to the Orcish Mines.
  8624 | D:10     | Reached skill level 11 in Spellcasting
  9241 | Orc:1    | Entered Level 1 of the Orcish Mines
  9414 | Orc:1    | Found a transporter.
  9416 | Orc:1    | Noticed wakim's ghost (journeyman OpVM)
  9452 | Orc:1    | Reached skill level 1 in Maces & Flails
  9453 | Orc:1    | Noticed an orc knight
  9537 | Orc:1    | Killed an orc knight
  9706 | Orc:1    | Found a transporter.
 10108 | Orc:2    | Entered Level 2 of the Orcish Mines
 10115 | Orc:1    | Noticed an orc knight
 10115 | Orc:1    | Noticed an orc sorcerer
 10166 | Orc:2    | Noticed a cyclops
 10194 | Orc:2    | Killed a cyclops
 10288 | Orc:2    | Noticed a two-headed ogre
 10296 | Orc:2    | Noticed a cyclops
 10297 | Orc:2    | Killed a two-headed ogre
 10298 | Orc:2    | Reached skill level 10 in Fighting
 10298 | Orc:2    | Reached XP level 12. HP: 49/91 MP: 0/0
 10455 | D:11     | Noticed Nergalle
 10463 | D:11     | Killed Nergalle
 10468 | D:11     | Found a staircase to the Lair.
 10481 | D:11     | Noticed a centaur warrior
 10483 | D:11     | Killed a centaur warrior
 10486 | D:11     | Shot with an arrow by a centaur

Illustrated notes

Levels and vault maps discovered:
D:1:      ldierk_water_garden, layout_basic
D:2:      layout_loops_corners, marbit_many_paths, serial_shops, shop,
          minmay_misc_feat_plants, uniq_sigmund
D:3:      minmay_general_purpose_star, layout_basic, okawaru_altar_gauntlet_db
D:4:      kennysheep_spiral_hall, layout_loops_cross, grunt_gozag_breadcrumbs,
          uniq_ijyb
D:5:      layout_cave_pods, kennysheep_little_box,
          minmay_temple_entry_offerings, uniq_edmund
D:6:      layout_basic, gammafunk_ghost_stat_death
D:7:      layout_loops_ring, nicolae_overflow_hidden_temple,
          uniq_crazy_yiuf_cottage
D:8:      layout_cave_pools, lemuel_round_altar, basic_altar, serial_shops,
          shop, serial_bayou, serial_bayou_ford_a, serial_bayou_shore_b,
          serial_bayou_pond_d, serial_bayou_lagoon_a
D:9:      layout_basic, lemuel_round_altar, serial_ice, serial_ice_f,
          serial_ice_o, serial_ice_d, serial_ice_i
D:10:     nzn_motion_control, layout_small_grid, minmay_orc_entry_temple_small
D:11:     layout_stronghold, dpeg_oklobed_lair, serial_ice, serial_ice_n,
          serial_ice_c, serial_ice_b, serial_ice_k, gauntlet_entry_generic,
          st_stairs_9, uniq_nergalle
Orc:1:    layout_caves, gammafunk_ghost_arena
Orc:2:    st_orc_open, layout_caves, mines1_david

Skill      XL: |  1  2  3  4  5  6  7  8  9 10 11 12 |
---------------+-------------------------------------+-----
Fighting       | 1 3 4 5 6 7 8 10 | 10.5
Spellcasting   | 3 4 5 6 7 8 10 11 | 11.6
Polearms       | 1 2 |  2.6
Dodging        | 4 6 7 8 |  8.9
Maces & Flails | 3 4 |  4.2
Stealth        | |  1.5

Action                   |  1- 3 |  4- 6 |  7- 9 | 10-12 || total
-------------------------+-------+-------+-------+-------++-------
Melee: Dagger            |    12 |       |       |       ||    12
       Scythe            |       |   113 |       |       ||   113
       Spear             |       |       |    34 |       ||    34
       Dire flail        |       |       |    76 |    35 ||   111
 Cast: Foxfire           |    63 |    47 |   145 |     4 ||   259
       Sticky Flame      |       |     2 |    20 |    34 ||    56
       Lesser Beckoning  |       |       |     1 |       ||     1
       Freeze            |       |       |     1 |       ||     1
       Fireball          |       |       |    13 |   176 ||   189
       Summon Lightning  |       |       |       |     2 ||     2
Evoke: Wand              |       |       |       |     2 ||     2
  Use: Potion            |     4 |       |       |       ||     4
       Scroll            |       |       |     9 |     8 ||    17
 Stab: Sleeping          |     1 |     4 |     2 |       ||     7
Armor: Robe              |     7 |    37 |    51 |    22 ||   117
Dodge: Dodged            |    18 |   109 |   100 |    73 ||   300

Table legend: (Time is in decaauts)
 A = Elapsed time spent in this place.
 B = Non-inter-level travel time spent in this place.
 C = Inter-level travel time spent in this place.
 D = Time resting spent in this place.
 E = Time spent auto-exploring this place.
 F = Levels seen in this place.
 G = Mean time per level.
                   A        B        C        D        E       F      G
               +--------+--------+--------+--------+--------+-----+--------+
         Total |  10630 |  10195 |    435 |     16 |   7870 |  13 |  817.7 |
       Dungeon |   9473 |   9103 |    370 |      9 |   7051 |  11 |  861.2 |
  Orcish Mines |   1157 |   1092 |     65 |      7 |    819 |   2 |  578.5 |
               +--------+--------+--------+--------+--------+-----+--------+

Top non-repeatable levels by time:
     D:1: 1292 daAuts
     D:2: 1009 daAuts
     D:9: 1001 daAuts
     D:4: 997 daAuts
    D:10: 972 daAuts
     D:5: 972 daAuts
   Orc:1: 937 daAuts
     D:6: 882 daAuts
     D:3: 809 daAuts
     D:7: 789 daAuts
     D:8: 692 daAuts
   Orc:2: 219 daAuts
    D:11: 53 daAuts
